 Dungeon Crawl Stone Soup version 0.24-a0-489-g1c7b743 (webtiles) character file.

Game seed: 7277338776525697543

452 ssg the Skirmisher (level 6, -2/52 HPs)
             Began as a Demonspawn Gladiator on July 11, 2019.
             Slain by a howler monkey (4 damage)
             ... on level 5 of the Dungeon.
             The game lasted 00:06:14 (4102 turns).

ssg the Skirmisher (Demonspawn Gladiator)           Turns: 4102, Time: 00:06:15

Health: -2/52      AC: 17    Str: 16    XL:     6   Next: 75%
Magic:  6/6        EV:  4    Int:  9    God:
Gold:   114        SH:  0    Dex: 15    Spells: 5/5 levels left

rFire    + . .     SeeInvis .   m - +1 falchion (vamp)
rCold    . . .     Gourm    .   (no shield)
rNeg     . . .     Faith    .   n - +0 plate armour
rPois    .         Spirit   .   c - +0 helmet
rElec    .         Reflect  .   (no cloak)
rCorr    .         Harm     .   (no gloves)
MR       .....                  (no boots)
Stlth    ..........             (no amulet)
HPRegen  0.17/turn              g - ring of protection from fire
MPRegen  0.10/turn              (no ring)

@: sanguine armour, very heavily drained
A: nightstalker 1, sanguine armour 1
a: no special abilities


You were on level 5 of the Dungeon.
You were very hungry.

You visited 1 branch of the dungeon, and saw 6 of its levels.

You collected 114 gold pieces.

Inventory:

Hand Weapons
 a - a +0 long sword
 m - a +1 vampiric falchion (weapon)
Missiles
 d - 3 throwing nets (quivered)
Armour
 b - a +0 leather armour
 c - a +0 helmet (worn)
 n - a +0 plate armour (worn)
Jewellery
 g - a ring of protection from fire (left hand)
 r - a +4 ring of intelligence {unknown}
Scrolls
 e - 2 scrolls of enchant armour {unknown}
 h - 4 scrolls of remove curse
 i - a scroll of immolation {unknown}
 j - 3 scrolls of fog {unknown}
 k - 3 scrolls of blinking {unknown}
 l - a scroll of identify
 q - a scroll of enchant weapon {unknown}
 v - 5 scrolls of teleportation {unknown}
Potions
 o - a potion of heal wounds
 p - a potion of cancellation
 t - a potion of curing
 u - a potion of degeneration
Comestibles
 f - 8 rations


   Skills:
 + Level 6.0(2.9) Fighting
 - Level 2.6(0.0) Long Blades
 - Level 1.7(0.0) Throwing
 + Level 3.6(0.7) Armour
 - Level 2.6(0.0) Dodging


You had 5 spell levels left.
You didn't know any spells.
Your spell library was empty.

Dungeon Overview and Level Annotations

Branches:
Dungeon (6/15)
 Temple: D:4-7

Altars:


Innate Abilities, Weirdness & Mutations

You are slightly more attuned to the shadows.
When seriously injured, your bleeding wounds create armour. (AC +6)


Message History

The howler monkey hits you but does no damage.
The phantom blinks!
You barely miss the howler monkey.
The howler monkey hits you but does no damage.
The phantom blinks!
An orc comes into view. It is wielding a -1 dagger.
You hit the howler monkey.
You feel better.
The howler monkey is lightly wounded.
The howler monkey hits you.
* * * LOW HITPOINT WARNING * * *
The howler monkey hits you but does no damage.
Unknown command.
Your plate armour prevents you from hitting the howler monkey.
The howler monkey is lightly wounded.
The howler monkey hoots and howls with incredible vigour!
The shadow imp hits you but does no damage.
The phantom hits you.
* * * LOW HITPOINT WARNING * * *
The howler monkey hits you.
You die...

##########
#........#
#........#
#.......ยง#
#....W5..#
#....@h5.#+###
....####o.....#
.. #......#
#......#
#......#
#.))...#####+#
##.<..........
#............
#............


You could see a phantom, a howler monkey, 2 shadow imps and an orc.

Vanquished Creatures
  Duvessa (D:4)
  Dowan (D:4)
  A water moccasin skeleton (D:4)
  A hound (D:2)
  2 orc wizards (D:3)
  2 gnolls (D:5)
  4 adders
  An ooze (D:1)
  7 dart slugs
  3 leopard geckos
  9 orcs
  6 giant cockroaches
  11 goblins
  9 hobgoblins
  7 jackals
  A ball python (D:1)
  12 bats
  3 frilled lizards
  10 kobolds
  7 rats
98 creatures vanquished.

Notes
Turn   | Place    | Note
-------+----------+-------------------------------------------
     0 | D:1      | ssg the Demonspawn Gladiator began the quest for the Orb.
     0 | D:1      | Reached XP level 1. HP: 16/16 MP: 1/1
    76 | D:1      | Gained mutation: You are slightly more attuned to the
                  | shadows. [demonic ancestry]
    76 | D:1      | Reached XP level 2. HP: 21/23 MP: 2/2
    88 | D:1      | Reached skill level 3 in Fighting
   268 | D:1      | Gained mutation: When seriously injured, your bleeding
                  | wounds create armour. (AC +6) [demonic ancestry]
   268 | D:1      | Reached XP level 3. HP: 20/29 MP: 3/3
  1064 | D:2      | Reached skill level 4 in Fighting
  1401 | D:2      | Reached XP level 4. HP: 28/37 MP: 4/4
  1492 | D:2      | Reached skill level 1 in Armour
  1537 | D:2      | Found a faded altar of an unknown god.
  1825 | D:2      | Reached XP level 5. HP: 41/43 MP: 5/5
  2366 | D:3      | Reached skill level 5 in Fighting
  2665 | D:4      | Noticed Duvessa
  2665 | D:4      | Noticed Dowan
  2681 | D:4      | Killed Duvessa
  2681 | D:4      | Reached XP level 6. HP: 51/51 MP: 6/6
  3403 | D:4      | Killed Dowan
  3592 | D:5      | Entered Level 5 of the Dungeon
  3898 | D:5      | Reached skill level 6 in Fighting
  4102 | D:5      | HP: 2/52 [phantom (5)]
  4102 | D:5      | Slain by a howler monkey

Levels and vault maps discovered:
D:1:      lemuel_arrival_muddy, layout_basic, minmay_small_reverse_x
D:2:      layout_basic, chequers_ecumenical_altar_island
D:3:      layout_rooms, minmay_cupped
D:4:      layout_rooms, minmay_temple_entry_statues_fountains, first_ration,
          uniq_duvessa
D:5:      layout_gridville
D:6:      kennysheep_orc_sif_temple, layout_loops_ring, kennysheep_path_1,
          bloody_trog

Skill      XL: |  1  2  3  4  5  6 |
---------------+-------------------+-----
Fighting       | 3 4 5 6 |  6.0
Armour         | 1 2 3 |  3.6
Long Blades    | |  2.6
Throwing       | |  1.7
Dodging        | |  2.6

Action                   |  1- 3 |  4- 6 || total
-------------------------+-------+-------++-------
Melee: Long sword        |    97 |   268 ||   365
       Falchion          |       |    29 ||    29
Throw: Throwing net      |       |     1 ||     1
  Use: Potion            |       |     6 ||     6
       Scroll            |       |     4 ||     4
 Stab: Sleeping          |     8 |       ||     8
  Eat: Chunk             |     1 |     9 ||    10
Armor: Leather armour    |    31 |       ||    31
       Plate armour      |    16 |   369 ||   385
       Skin              |       |    15 ||    15
Dodge: Dodged            |    63 |    96 ||   159
       Rpst.: Long sword |    27 |    31 ||    58

Table legend:
 A = Non-vault XP
 B = Vault XP
 C = Vault XP percentage of total XP
 D = Non-vault monster count
 E = Vault monster count
 F = Vault count percentage of total count
                 A         B        C        D         E       F
            +---------+---------+-------+---------+---------+-------
      Total |     415 |     232 |  35.9 |      89 |       9 |   9.2
            +---------+---------+-------+---------+---------+-------
        D:1 |      56 |       8 |  12.5 |      27 |       4 |  12.9
        D:2 |     134 |       0 |   0.0 |      33 |       0 |   0.0
        D:3 |     127 |       6 |   4.5 |      25 |       3 |  10.7
        D:4 |      67 |     218 |  76.5 |       1 |       2 |  66.7
        D:5 |      28 |       0 |   0.0 |       2 |       0 |   0.0
        D:6 |       3 |       0 |   0.0 |       1 |       0 |   0.0
            +---------+---------+-------+---------+---------+-------
